 Dungeon Crawl Stone Soup version 0.30-b1-2-g02819fbbbe (webtiles) character file.

Game seed: 15944621246159603643

5 redmage the Digger (level 2, -2/20 HPs)
             Began as a Meteoran Earth Elementalist on Aug 8, 2023.
             Killed from afar by Sigmund (7 damage)
             ... with a puff of flame
             ... on level 2 of the Dungeon.
             The game lasted 00:01:35 (103 turns).

redmage the Digger (Meteoran Earth Elementalist)     Turns: 103, Time: 00:01:35

Health: -2/20      AC:  2    Str:  9    XL:     2   Next: 5%
Magic:  7/7        EV: 12    Int: 16    God:
Gold:   5          SH:  0    Dex: 14    Spells: 6/7 levels left

rFire   . . .        (no weapon)
rCold   . . .        (no shield)
rNeg    . . .        a - +0 robe
rPois   .            (no helmet)
rElec   .            (no cloak)
rCorr   .            (no gloves)
SInv    .            (no boots)
Will    .....        (no amulet)
Stlth   +            (no ring)
HPRegen 0.23/turn    (no ring)
MPRegen 0.10/turn

%: no passive effects
@: glowing
A: sense surroundings 1, otherworldly, glowing, explore regen
a: no special abilities


You were on level 2 of the Dungeon.
You visited 1 branch of the dungeon, and saw 2 of its levels.

You collected 5 gold pieces.

Inventory:

Armour
 a - a +0 robe (worn)
Scrolls
 c - a scroll of identify {unknown}
Potions
 b - a potion of magic


   Skills:
 - Level 2.4 Dodging
 - Level 1.4 Stealth
 - Level 3.0 Spellcasting
 - Level 1.2 Transmutations
 + Level 3.9 Earth Magic


You had 6 spell levels left.
You knew the following spells:

 Your Spells              Type           Power      Damage    Failure   Level
a - Sandblast             Erth           28%        2d8       3%          1

Your spell library contained the following spells:

 Spells                   Type           Power      Damage    Failure   Level
 Passwall                 Tmut/Erth      8%         N/A       10%         2
 Stone Arrow              Conj/Erth      16%        3d8       26%         3
 Petrify                  Tmut/Erth      10%        N/A       54%         4


Dungeon Overview and Level Annotations

Branches:
Dungeon (2/15) Zot: 1093

Altars:

Annotations:
D:2 Sigmund


Innate Abilities, Weirdness & Mutations

You passively map a small area around you.
You are easily found by Zot.
You glow in the dark.
You regain HP and MP as you explore.


Message History

Casting: Sandblast (safe; 3% risk of failure)
Confirm with . or Enter, or press ? or * to list all spells.
Aiming: Sandblast (safe; 3% risk of failure)
Press: ? - help, Shift-Dir - straight line, f - worm
Aim: a worm (94% to hit)
The blast of sand hits the worm!
The worm is heavily wounded.
Sigmund the Dreaded comes into view.
He is wielding a +0 scythe, wearing a +1 robe of cold resistance and carrying a wand of flame (9).
Sigmund shouts!
Sigmund points at you and mumbles some strange words.
You are confused.
You bump into the rock wall.
Sigmund gestures at you while chanting.
You are more confused.
You're too confused to move!
The worm closely misses you. Sigmund casts a spell at you.
You are more confused.
Sigmund casts a spell at you. The magic dart hits you!
You bump into the rock wall.
You bump into the rock wall.
You bump into the rock wall.
The worm bites you.
Sigmund mumbles some strange words.
Sigmund flickers and vanishes!
Deactivating autopickup; reactivate with Ctrl-A.
Something hits you!
* * * LOW HITPOINT WARNING * * *
You're too confused to move!
Unknown command.
You bump into the rock wall.
You hit the worm but do no damage.
You feel less confused. The worm bites you.
* * * LOW HITPOINT WARNING * * *
Okay, then.
You hear a zap.
A puff of flame appears from out of thin air!
The puff of flame hits you!
You die...

, #.# * * #.#
,, #.# *
##.######## *
#.......... *
#####..########
, #......# *
#.###.## * , *
, #@# #.# , *
#.# * #.# , , ,
#.# , , , **
#.####### *
#.#.....#,> *
#{#.....# * *
#.w.....# *


There were no monsters in sight!

Vanquished Creatures
  A dart slug (D:1)
  A kobold (D:2)
  A ball python (D:1)
  A bat (D:1)
4 creatures vanquished.

Notes
Turn   | Place    | Note
-------+----------+-------------------------------------------
     0 | D:1      | redmage the Meteoran Earth Elementalist began the quest for
                  | the Orb.
     0 | D:1      | Reached XP level 1. HP: 14/14 MP: 5/5
    69 | D:2      | Reached XP level 2. HP: 20/20 MP: 5/7
    70 | D:2      | Noticed Sigmund
   103 | D:2      | Killed from afar by Sigmund

Illustrated notes

Levels and vault maps discovered:
D:1:      lightli_arrival_maybe_door_vault, layout_rooms, minmay_crystal_water
D:2:      layout_loops_ring, uniq_sigmund, uniq_terence, uniq_crazy_yiuf_cottage

Skill      XL: |  1 |
---------------+----+-----
Spellcasting   | 3 |  3.0
Dodging        | |  2.4
Stealth        | |  1.4
Transmutations | |  1.2
Earth Magic    | |  3.9

Action                     || total
---------------------------++-------
  Melee: Unarmed           ||     1
   Cast: Sandblast         ||     6
  Dodge: Dodged            ||     2
